[Event "ICC tourney 2556 (25 5)"]
[Site "Internet Chess Club"]
[Date "2021.05.09"]
[Round "7"]
[White "AGNIHOTRI, AADI:K05-16443397"]
[Black "L LIU, JASON:K05-15325166"]
[Result "1-0"]
[ICCResult "Black checkmated"]
[WhiteElo "1183"]
[BlackElo "1615"]
[Opening "two knights: Max Lange attack"]
[ECO "C44"]
[NIC "SO.06"]
[Time "15:31:10"]
[PlyCount "127"]
[TimeControl "1500+5"]

1. e4 e5 2. Nf3 Nc6 3. d4 exd4 4. Bc4 Bc5 5. O-O Nf6 6. e5 d5 7. exf6 dxc4
8. fxg7 Rg8 9. Bg5 f6 10. Bh6 Kf7 11. Nh4 Ne5 12. Qh5+ Ke7 13. Re1 Kd6 14.
h3 b6 15. Nd2 Bb7 16. Nf5+ Kd7 17. Nxc4 Nxc4 18. Qf7+ Kc8 19. Qxc4 Bd5 20.
Qb5 a6 21. Qe2 Kb7 22. Ne7 Re8 23. g8=Q Bxg8 24. Qf3+ c6 25. Nxc6 Rxe1+ 26.
Rxe1 Qd5 27. Nxd4 Bxd4 28. Qxd5+ Bxd5 29. Rd1 Bxb2 30. Rxd5 Be5 31. Rd7+
Kc6 32. Rxh7 Rd8 33. g3 Rd1+ 34. Kg2 Ra1 35. Bf4 Bd4 36. Rh6 Rxa2 37. Bg5
Kd5 38. Bxf6 Bxf6 39. Rxf6 b5 40. c3 Kc4 41. Rc6+ Kd5 42. Rc8 a5 43. h4 a4
44. h5 a3 45. Ra8 Ke6 46. h6 Kf7 47. h7 Rb2 48. h8=Q a2 49. Qg8+ Kf6 50.
Rxa2 Rb1 51. Qf8+ Ke5 52. Qg7+ Ke4 53. Qg6+ Kd5 54. Qxb1 b4 55. Ra5+ Kc4
56. Qxb4+ Kd3 57. Qd4+ Kc2 58. Ra2+ Kb3 59. Qb4+ Kxa2 60. Kf3 Ka1 61. Ke2
Ka2 62. Kd2 Ka1 63. Kc2 Ka2 64. Qb2# { Black checkmated } 1-0

[Event "ICC tourney 2556 (25 5)"]
[Site "Internet Chess Club"]
[Date "2021.05.09"]
[Round "7"]
[White "KANNAN, VIJAY:K05-16132744"]
[Black "SAMPATHKUMAR, GURU:K05-16282718"]
[Result "1-0"]
[ICCResult "Black checkmated"]
[WhiteElo "1618"]
[BlackElo "1141"]
[Opening "Grünfeld with Bf4 & e3"]
[ECO "D93"]
[NIC "GI.07"]
[Time "15:31:12"]
[PlyCount "127"]
[TimeControl "1500+5"]

1. d4 Nf6 2. c4 g6 3. Nf3 Bg7 4. Nc3 d5 5. Bf4 O-O 6. e3 Bf5 7. Be2 c5 8.
O-O Nc6 9. dxc5 Qa5 10. cxd5 Rfd8 11. a3 Qxc5 12. Rc1 Qb6 13. b4 e6 14. Na4
Rxd5 15. Nxb6 Rxd1 16. Rfxd1 axb6 17. b5 Ne7 18. Rc7 Ned5 19. Rxb7 Rxa3 20.
Rb8+ Bf8 21. Bd6 Nd7 22. Rd8 N5f6 23. Bxa3 Kg7 24. Bxf8+ Nxf8 25. Rb8 N8d7
26. Rb7 e5 27. Nh4 Be6 28. Nf3 e4 29. Nd4 Bd5 30. Rc7 Kf8 31. Bc4 Bxc4 32.
Rxc4 Nc5 33. Nc6 Nfd7 34. Rcd4 Ke8 35. Nb4 Ke7 36. Nd5+ Ke8 37. Nc3 Ke7 38.
Na4 f5 39. Nxc5 Nxc5 40. Rd6 Nd3 41. R6xd3 exd3 42. Rxd3 Ke6 43. Rd8 Ke7
44. Rb8 Kd6 45. Rxb6+ Kc7 46. Rf6 Kb7 47. Rf7+ Kb6 48. Rxh7 Kxb5 49. Rg7
Kc5 50. Rxg6 Kd5 51. h4 Ke5 52. h5 f4 53. exf4+ Kxf4 54. h6 Kf5 55. Rg3 Kf6
56. h7 Kf7 57. h8=Q Ke6 58. Qf8 Ke5 59. Re3+ Kd5 60. Qd8+ Kc4 61. Re7 Kb5
62. Qc8 Kb6 63. Rb7+ Ka6 64. Qa8# { Black checkmated } 1-0

[Event "ICC tourney 2556 (25 5)"]
[Site "Internet Chess Club"]
[Date "2021.05.09"]
[Round "7"]
[White "SETHI, KANWAR:K05-16874098"]
[Black "DHURJATI, ANAGHA:K05-17003536"]
[Result "1-0"]
[ICCResult "Black checkmated"]
[WhiteElo "852"]
[BlackElo "1269"]
[Opening "Giuoco Piano: Greco's attack"]
[ECO "C54"]
[NIC "IG.02"]
[Time "15:30:39"]
[PlyCount "95"]
[TimeControl "1500+5"]

1. e4 e5 2. Nf3 Nc6 3. Bc4 Bc5 4. c3 Nf6 5. d4 exd4 6. cxd4 Bb4+ 7. Nc3 O-O
8. O-O Bxc3 9. bxc3 Nxe4 10. Qd3 d5 11. Bb2 Bf5 12. Bb3 Qd7 13. Qb5 Rfd8
14. Qxb7 Na5 15. Qb4 Nxb3 16. axb3 Qe6 17. Rfe1 Qg6 18. Nh4 Qh5 19. Nxf5
Qxf5 20. f3 Nd2 21. c4 Qg5 22. Qc3 Rab8 23. Bc1 Rxb3 24. Qxb3 Nxb3 25. Bxg5
Nxa1 26. Bxd8 h5 27. Rxa1 dxc4 28. Rxa7 c5 29. dxc5 c3 30. Ra2 Kf8 31. Rc2
Ke8 32. Bh4 f6 33. Rxc3 g5 34. Bf2 Kd7 35. h4 g4 36. fxg4 hxg4 37. Rg3 f5
38. h5 Ke7 39. h6 Kf7 40. c6 f4 41. Rxg4 f3 42. c7 fxg2 43. c8=Q Ke7 44.
Re4+ Kf6 45. Bd4+ Kg5 46. Qg4+ Kxh6 47. Re6+ Kh7 48. Qg7# { Black
checkmated } 1-0

[Event "ICC tourney 2556 (25 5)"]
[Site "Internet Chess Club"]
[Date "2021.05.09"]
[Round "7"]
[White "THIRUGNANA, KAVIN:K05-30020780"]
[Black "POLKAMPALLI, RONAK:K05-17322765"]
[Result "1-0"]
[ICCResult "Black checkmated"]
[WhiteElo "308"]
[BlackElo "526"]
[Opening "Giuoco Pianissimo: Italian four knights variation"]
[ECO "C47"]
[NIC "KP.06"]
[Time "15:30:56"]
[PlyCount "75"]
[TimeControl "1500+5"]

1. e4 e5 2. Nf3 Nc6 3. Nc3 Nf6 4. Bc4 Bc5 5. d3 h6 6. h3 O-O 7. O-O d6 8.
Nd5 Be6 9. Nxf6+ Qxf6 10. Bxe6 fxe6 11. Be3 Nd4 12. Nh2 d5 13. exd5 exd5
14. Qg4 Rad8 15. f4 e4 16. dxe4 dxe4 17. Bxd4 Bxd4+ 18. Kh1 Bxb2 19. Rad1
Bd4 20. Rb1 b6 21. Rb5 c6 22. Rb4 c5 23. Ra4 e3 24. Rxa7 Rf7 25. Rxf7 Qxf7
26. f5 Re8 27. Nf3 e2 28. Re1 Bc3 29. Rc1 e1=Q+ 30. Nxe1 Bxe1 31. Qg6 Qf6
32. Qxe8+ Kh7 33. Rxe1 Qxf5 34. Rd1 c4 35. Rd6 Qxc2 36. Rd7 Qb2 37. Qf7 c3
38. Qxg7# { Black checkmated } 1-0

[Event "ICC tourney 2556 (25 5)"]
[Site "Internet Chess Club"]
[Date "2021.05.09"]
[Round "7"]
[White "CHAN OSBORN, ISAAC:K05-17282877"]
[Black "CHOI, SHAWN:K05-16907434"]
[Result "1-0"]
[ICCResult "Black resigns"]
[WhiteElo "955"]
[BlackElo "1354"]
[Opening "Nimzo-Indian defense"]
[ECO "E20"]
[NIC "NI.30"]
[Time "15:30:54"]
[PlyCount "104"]
[TimeControl "1500+5"]

1. d4 Nf6 2. c4 e6 3. Nc3 Bb4 4. Bd2 O-O 5. a3 Bxc3 6. Bxc3 d5 7. e3 c6 8.
Nf3 Nbd7 9. Be2 Re8 10. O-O Ne4 11. c5 Nxc3 12. bxc3 e5 13. Re1 e4 14. Nd2
Nf6 15. Nb3 Nd7 16. f3 Nf8 17. fxe4 Rxe4 18. Bf3 Re8 19. Bg4 Ng6 20. Bxc8
Rxc8 21. Qg4 Re4 22. Qf5 Rc7 23. Nd2 Re6 24. a4 Rce7 25. e4 dxe4 26. Rxe4
Qd5 27. Qxd5 cxd5 28. Rxe6 Rxe6 29. a5 Rc6 30. c4 dxc4 31. Nxc4 Nf4 32. Kf2
Nd5 33. Nd6 Rc7 34. a6 bxa6 35. Rxa6 Nb4 36. Ra5 Nc6 37. Ra4 Kf8 38. Nb5
Rd7 39. Ke3 f5 40. Kf4 g6 41. g4 fxg4 42. Kxg4 Ke7 43. Kf4 h6 44. Ke4 Rb7
45. Nd6 Rb1 46. d5 Re1+ 47. Kf4 Rf1+ 48. Ke4 Rg1 49. dxc6 Rg4+ 50. Kd5 Rg5+
51. Kc4 Rg4+ 52. Kb5 Rxa4 { Black resigns } 1-0

[Event "ICC tourney 2556 (25 5)"]
[Site "Internet Chess Club"]
[Date "2021.05.09"]
[Round "7"]
[White "STERN, KEVIN:K05-16419450"]
[Black "D BEAR, NICHOLAS:K05-16056078"]
[Result "0-1"]
[ICCResult "White checkmated"]
[WhiteElo "1393"]
[BlackElo "1706"]
[Opening "Queen's pawn, Mason variation, Steinitz counter-gambit"]
[ECO "D00"]
[NIC "QP.08"]
[Time "15:30:37"]
[PlyCount "68"]
[TimeControl "1500+5"]

1. d4 d5 2. Bf4 c5 3. e3 Nc6 4. Nf3 Qb6 5. b3 Bf5 6. Bd3 Bxd3 7. Qxd3 e6 8.
O-O Nf6 9. Nbd2 Be7 10. Rac1 Nb4 11. Qe2 Nxa2 12. Ra1 Nb4 13. dxc5 Bxc5 14.
c4 O-O 15. Be5 Be7 16. Rac1 Rac8 17. Bd4 Qd8 18. Rfd1 a6 19. e4 Bc5 20.
cxd5 Bxd4 21. Nxd4 exd5 22. e5 Re8 23. f4 Qb6 24. Nf1 Nc6 25. Qd3 Nxd4 26.
Qxd4 Qxd4+ 27. Rxd4 Rxc1 28. exf6 Ree1 29. g4 Rxf1+ 30. Kg2 gxf6 31. Rxd5
Rfd1 32. Rf5 Rc2+ 33. Kg3 Rd3+ 34. Kh4 Rxh2# { White checkmated } 0-1

[Event "ICC tourney 2556 (25 5)"]
[Site "Internet Chess Club"]
[Date "2021.05.09"]
[Round "7"]
[White "JAIN, DARSH:K05-30103038"]
[Black "CALLENS, JAEL:K05-17208461"]
[Result "0-1"]
[ICCResult "White checkmated"]
[WhiteElo "836"]
[BlackElo "1207"]
[Opening "Sicilian: Alapin's variation (2.c3)"]
[ECO "B22"]
[NIC "SI.46"]
[Time "15:30:40"]
[PlyCount "116"]
[TimeControl "1500+5"]

1. e4 c5 2. c3 Nc6 3. d4 cxd4 4. cxd4 Nf6 5. e5 Nd5 6. Bc4 e6 7. Nf3 Be7 8.
Bxd5 exd5 9. Nc3 d6 10. Nxd5 dxe5 11. Nxe7 Nxe7 12. Nxe5 O-O 13. O-O Be6
14. Qf3 Qxd4 15. Qxb7 Qxe5 16. Qxe7 Rfe8 17. Qh4 Rad8 18. Bf4 Qf5 19. Rad1
Rd5 20. Rxd5 Bxd5 21. b3 f6 22. Qg3 g6 23. Be3 h5 24. Bxa7 Re4 25. Rd1 Rg4
26. Qd3 Rxg2+ 27. Kf1 Qxd3+ 28. Rxd3 Be4 29. Re3 Bd5 30. Re8+ Kf7 31. Rd8
Ke6 32. h3 Rh2 33. Re8+ Kd7 34. Re3 Rh1+ 35. Ke2 Bg2 36. Rd3+ Ke6 37. a4
Bxh3 38. Rd1 Bg4+ 39. f3 Bxf3+ 40. Kxf3 Rxd1 41. a5 Rd3+ 42. Kg2 Rxb3 43.
Bb6 Ra3 44. Kf2 Ra4 45. Kg3 g5 46. Kf3 h4 47. Bc7 Kd7 48. Bb6 f5 49. Kg2 g4
50. Kh2 h3 51. Kg3 Kc6 52. Kh2 Kb5 53. Kg3 Kc6 54. Kh2 Kd5 55. Kg3 Ke4 56.
Kh2 Ra2+ 57. Kh1 g3 58. Kg1 Ra1# { White checkmated } 0-1

[Event "ICC tourney 2556 (25 5)"]
[Site "Internet Chess Club"]
[Date "2021.05.09"]
[Round "7"]
[White "VEMPARALA, NIKASH:K05-16438800"]
[Black "PUROHIT, VIHAAN:K05-16766058"]
[Result "1-0"]
[ICCResult "Black checkmated"]
[WhiteElo "1764"]
[BlackElo "1193"]
[Opening "French: exchange variation"]
[ECO "C01"]
[NIC "FR.01"]
[Time "15:30:43"]
[PlyCount "57"]
[TimeControl "1500+5"]

1. e4 e6 2. d4 d5 3. exd5 exd5 4. Nf3 Bd6 5. Bd3 Nf6 6. c3 O-O 7. O-O c6 8.
Re1 Bg4 9. h3 Bh5 10. Bg5 Nbd7 11. Nbd2 Qc7 12. Qc2 Rfe8 13. b3 Bg6 14. c4
Bxd3 15. Qxd3 Rac8 16. Rac1 Bf4 17. Bxf4 Qxf4 18. cxd5 cxd5 19. Rxc8 Rxc8
20. g3 Qc7 21. Ne5 Re8 22. f4 Ne4 23. Nxe4 dxe4 24. Qxe4 f6 25. Qd5+ Kh8
26. Nf7+ Kg8 27. Nh6+ Kh8 28. Qg8+ Rxg8 29. Nf7# { Black checkmated } 1-0

[Event "ICC tourney 2556 (25 5)"]
[Site "Internet Chess Club"]
[Date "2021.05.09"]
[Round "7"]
[White "LU, YIDING:K05-16857692"]
[Black "SARANGI, SHREYAN:K05-17058212"]
[Result "0-1"]
[ICCResult "White checkmated"]
[WhiteElo "1733"]
[BlackElo "1359"]
[Opening "Sicilian: Kan, 5.Nc3"]
[ECO "B43"]
[NIC "SI.41"]
[Time "15:30:02"]
[PlyCount "114"]
[TimeControl "1500+5"]

1. e4 c5 2. Nf3 e6 3. d4 cxd4 4. Nxd4 a6 5. Nc3 Qc7 6. Be3 Nf6 7. Be2 Bb4
8. f3 d5 9. exd5 Nxd5 10. Bd2 Nxc3 11. bxc3 Bxc3 12. Bxc3 Qxc3+ 13. Kf1 Nc6
14. Nxc6 Qxc6 15. Qd4 O-O 16. h4 Qd5 17. Qg4 e5 18. Qg3 Bf5 19. h5 h6 20.
Rh4 Rac8 21. c4 Qe6 22. Re1 Rfd8 23. f4 Rd4 24. Kg1 Rxf4 25. Rxf4 exf4 26.
Qxf4 Re8 27. Rf1 Qe3+ 28. Qxe3 Rxe3 29. Bf3 b5 30. c5 Rc3 31. c6 Be6 32. a3
Kf8 33. Rd1 Ke7 34. Kf2 Rxa3 35. Rc1 Bc8 36. Re1+ Kd6 37. Rd1+ Kc7 38. Re1
Ra2+ 39. Kg3 Be6 40. Re4 a5 41. Re5 Rb2 42. Kh4 a4 43. Re3 Rb3 44. Re2 a3
45. Ra2 Rxf3 46. gxf3 Bxa2 47. f4 Bb3 48. f5 a2 49. f6 gxf6 50. Kg4 a1=Q
51. Kf5 Qe5+ 52. Kg4 Qg5+ 53. Kh3 Be6+ 54. Kh2 Qxh5+ 55. Kg1 Qf3 56. Kh2
Bd5 57. Kg1 Qg2# { White checkmated } 0-1

[Event "ICC tourney 2556 (25 5)"]
[Site "Internet Chess Club"]
[Date "2021.05.09"]
[Round "7"]
[White "ENRIQUEZ, EULALIO:K05-16621387"]
[Black "KANTNER, AARON:K05-16926895"]
[Result "0-1"]
[ICCResult "White checkmated"]
[WhiteElo "1071"]
[BlackElo "619"]
[Opening "Scotch: Schmidt variation"]
[ECO "C45"]
[NIC "SO.04"]
[Time "15:31:23"]
[PlyCount "114"]
[TimeControl "1500+5"]

1. e4 e5 2. Nf3 Nc6 3. d4 exd4 4. Nxd4 Nf6 5. Nc3 d5 6. Bd3 Nxd4 7. Bg5 h6
8. Bxf6 Qxf6 9. Nxd5 Qd6 10. c3 Ne6 11. Qe2 c6 12. Bc4 cxd5 13. exd5 g6 14.
dxe6 fxe6 15. Bb5+ Bd7 16. Bxd7+ Qxd7 17. Rd1 Qc6 18. Rf1 Rd8 19. Rxd8+
Kxd8 20. Qd2+ Qd5 21. Qxd5+ exd5 22. Ke2 Ke7 23. Re1 Bg7 24. Kf3+ Kd7 25.
Kg4 Re8 26. Rxe8 Kxe8 27. f4 d4 28. cxd4 Bxd4 29. b4 Bf6 30. a4 g5 31. fxg5
hxg5 32. a5 a6 33. g3 Kd7 34. Kf5 Be7 35. h4 gxh4 36. gxh4 Bxh4 37. Ke5 Be1
38. b5 Bxa5 39. bxa6 bxa6 40. Kd4 Bb6+ 41. Kc3 a5 42. Kc4 Kc6 43. Kb3 Kb5
44. Ka3 a4 45. Ka2 Bc5 46. Kb2 a3+ 47. Kb1 Kb4 48. Kc2 Kc4 49. Kc1 Kc3 50.
Kb1 Kb3 51. Ka1 Bd4+ 52. Kb1 a2+ 53. Kc1 a1=Q+ 54. Kd2 Qc3+ 55. Kd1 Qc2+
56. Ke1 Be3 57. Kf1 Qf2# { White checkmated } 0-1

[Event "ICC tourney 2556 (25 5)"]
[Site "Internet Chess Club"]
[Date "2021.05.09"]
[Round "7"]
[White "REN, JOCELYN:K05-16899282"]
[Black "YAO, HANCHI:K05-16512998"]
[Result "0-1"]
[ICCResult "White resigns"]
[WhiteElo "1234"]
[BlackElo "1636"]
[Opening "Sicilian"]
[ECO "B56"]
[NIC "SI.25"]
[Time "15:31:01"]
[PlyCount "102"]
[TimeControl "1500+5"]

1. e4 c5 2. Nf3 d6 3. d4 Nf6 4. Nc3 cxd4 5. Nxd4 Nc6 6. f3 e5 7. Nb3 Be7 8.
Be3 O-O 9. Qd2 a5 10. a4 Nb4 11. O-O-O Be6 12. Kb1 Rc8 13. g4 d5 14. g5 d4
15. gxf6 Bxf6 16. Nxd4 exd4 17. Bxd4 h6 18. Bb5 Bxd4 19. Qxd4 Qe7 20. Rhg1
f6 21. Bd7 Rc4 22. Bxe6+ Qxe6 23. Qe3 Kf7 24. Rd4 Rxc3 25. Rxg7+ Kxg7 26.
Qxc3 Rc8 27. Qb3 Qxb3 28. cxb3 Rc7 29. h4 Kf7 30. Rc4 Rxc4 31. bxc4 Ke6 32.
Kc1 Ke5 33. Kd2 Kd4 34. b3 h5 35. c5 Na6 36. c6 bxc6 37. Ke2 Nc5 38. Kf2
Nxb3 39. Kg3 c5 40. Kf4 c4 41. Kf5 c3 42. Kxf6 c2 43. e5 c1=Q 44. e6 Qf4+
45. Ke7 Ke5 46. Kd7 Qxa4+ 47. Ke7 Qb4+ 48. Kf7 Qb7+ 49. e7 Qd5+ 50. Kf8
Qxf3+ 51. Ke8 Kd6 { White resigns } 0-1

[Event "ICC tourney 2556 (25 5)"]
[Site "Internet Chess Club"]
[Date "2021.05.09"]
[Round "7"]
[White "ZHAO, BRYAN:K05-16690808"]
[Black "REDDY EDULAKANTI, RITHWIK:K05-16559920"]
[Result "0-1"]
[ICCResult "White resigns"]
[WhiteElo "744"]
[BlackElo "1071"]
[Opening "Giuoco Piano: close variation"]
[ECO "C53"]
[NIC "IG.02"]
[Time "15:30:57"]
[PlyCount "108"]
[TimeControl "1500+5"]

1. e4 e5 2. Nf3 Nc6 3. Bc4 Bc5 4. c3 Qe7 5. O-O Nf6 6. Re1 O-O 7. d3 h6 8.
Be3 Bb6 9. Nbd2 d6 10. Bb3 Be6 11. d4 exd4 12. Nxd4 Nxd4 13. cxd4 c6 14. h3
Qd7 15. Bxe6 fxe6 16. Qf3 Nd5 17. Qg3 Nxe3 18. Qxe3 e5 19. Qb3+ Kh8 20. Nf3
exd4 21. Rad1 c5 22. e5 dxe5 23. Nxe5 Qf5 24. Qg3 Rf6 25. Rd3 Qg5 26. Re4
Qxg3 27. Rxg3 Bc7 28. Ng6+ Kh7 29. Ne5 Re8 30. Nd7 Rfe6 31. Rxe6 Rxe6 32.
Nxc5 Re1+ 33. Kh2 Bxg3+ 34. Kxg3 Re5 35. Nd3 Ra5 36. Kf4 Rxa2 37. Ke4 Ra4
38. b3 Ra3 39. Nc1 Ra1 40. Nd3 Rb1 41. Kxd4 Rxb3 42. Nc5 Rb2 43. Nd3 Rb1
44. Ke3 a5 45. Nc5 b5 46. Kd3 a4 47. Kc2 Rb4 48. Kc3 Rc4+ 49. Kb2 Rxc5 50.
Ka3 Rc2 51. Kb4 Rxf2 52. Ka3 Rxg2 53. Kb4 Rg3 54. h4 a3 { White resigns }
0-1

[Event "ICC tourney 2556 (25 5)"]
[Site "Internet Chess Club"]
[Date "2021.05.09"]
[Round "7"]
[White "AGARWAL, VISHISHT:K05-17044688"]
[Black "KAUR, JIND:K05-15724996"]
[Result "1-0"]
[ICCResult "Black checkmated"]
[WhiteElo "893"]
[BlackElo "1296"]
[Opening "Sicilian: accelerated fianchetto, exchange variation"]
[ECO "B34"]
[NIC "SI.33"]
[Time "15:30:59"]
[PlyCount "131"]
[TimeControl "1500+5"]

1. e4 c5 2. Nf3 Nc6 3. d4 cxd4 4. Nxd4 g6 5. Nxc6 bxc6 6. Bc4 Bg7 7. Qf3 e6
8. O-O Nf6 9. Bg5 O-O 10. e5 d5 11. Bd3 Qb6 12. Bxf6 Qxb2 13. Nd2 Qb6 14.
Bxg7 Kxg7 15. Qf6+ Kg8 16. Nb3 c5 17. Be2 Ba6 18. Bxa6 Qxa6 19. Nxc5 Qc6
20. Nb3 Qxc2 21. Rfc1 Qd3 22. Qg5 Rab8 23. h3 Qa6 24. Nc5 Qb5 25. a4 Qc6
26. Ne4 Qxc1+ 27. Rxc1 dxe4 28. Qe3 Rfd8 29. Qxe4 Rd5 30. Qe3 Rb7 31. Qh6
Rb8 32. Qf4 Ra5 33. Rc7 Rf8 34. Qd4 a6 35. Rd7 Rd5 36. Rxd5 exd5 37. Qxd5
Re8 38. Qc6 Rxe5 39. Qxa6 Re8 40. Qc6 Rb8 41. a5 Rd8 42. a6 Rb8 43. a7 Rf8
44. a8=Q Rxa8 45. Qxa8+ Kg7 46. Qa6 Kf8 47. Kh2 Kg7 48. Kg3 Kf8 49. f4 Kg7
50. h4 Kf8 51. Kg4 Kg7 52. g3 Kh6 53. Qa5 Kg7 54. h5 Kh6 55. hxg6 hxg6 56.
f5 gxf5+ 57. Kxf5 Kg7 58. g4 Kh7 59. Kf6 Kg8 60. Qg5+ Kf8 61. Qg7+ Ke8 62.
Qxf7+ Kd8 63. g5 Kc8 64. g6 Kd8 65. g7 Kc8 66. g8=Q# { Black checkmated }
1-0

[Event "ICC tourney 2556 (25 5)"]
[Site "Internet Chess Club"]
[Date "2021.05.09"]
[Round "7"]
[White "ELIZABETH PETER, SARAH:K05-16665770"]
[Black "SKANDA, SAURAV:K05-30130797"]
[Result "0-1"]
[ICCResult "White checkmated"]
[WhiteElo "954"]
[BlackElo "731"]
[Opening "QGD: Marshall defense"]
[ECO "D06"]
[NIC "QP.08"]
[Time "15:30:24"]
[PlyCount "94"]
[TimeControl "1500+5"]

1. d4 d5 2. c4 Nf6 3. Nc3 Bf5 4. Nf3 e6 5. Bg5 Bb4 6. e3 O-O 7. cxd5 exd5
8. Be2 h6 9. Bh4 Re8 10. O-O Nc6 11. Bxf6 Qxf6 12. Nxd5 Qd6 13. a3 Qxd5 14.
axb4 Nxb4 15. Rc1 Nc6 16. Rc5 Qe6 17. Bc4 Qd7 18. Rd5 Qe6 19. Re5 Qxc4 20.
Rxf5 Rad8 21. Nd2 Qe6 22. Rf4 Qe7 23. Rg4 a6 24. Qf3 a5 25. Qg3 g6 26. Qh3
h5 27. Qxh5 Qf6 28. Qh6 a4 29. f3 Qg7 30. Qf4 Rc8 31. Ne4 f5 32. Rg5 fxe4
33. fxe4 Rf8 34. Qg4 Rxf1+ 35. Kxf1 Rf8+ 36. Ke2 Ne7 37. h4 Qf7 38. Qg3 Kh7
39. Qxc7 Qf2+ 40. Kd3 Qf1+ 41. Kc2 Rf2+ 42. Kc3 Qc1+ 43. Kb4 Qxc7 44. Kxa4
Rxb2 45. Ka3 Rb6 46. Ka4 Qc4+ 47. Ka3 Qb3# { White checkmated } 0-1

[Event "ICC tourney 2556 (25 5)"]
[Site "Internet Chess Club"]
[Date "2021.05.09"]
[Round "7"]
[White "L HUANG, ABIGAIL:K05-16809062"]
[Black "YUXIN ZHANG, SOPHIA:K05-16473046"]
[Result "0-1"]
[ICCResult "White checkmated"]
[WhiteElo "135"]
[BlackElo "664"]
[Opening "Giuoco Pianissimo: Italian four knights variation"]
[ECO "C47"]
[NIC "KP.06"]
[Time "15:30:08"]
[PlyCount "146"]
[TimeControl "1500+5"]

1. e4 e5 2. Nf3 Nc6 3. Nc3 Nf6 4. Bc4 Bc5 5. d3 O-O 6. Bg5 h6 7. Bh4 d6 8.
O-O Bg4 9. h3 Bh5 10. Nd5 Nd4 11. Nxf6+ gxf6 12. g4 Bg6 13. Nxd4 Bxd4 14.
Rb1 Qd7 15. Qd2 Kg7 16. Rbe1 Rh8 17. c3 Bb6 18. d4 exd4 19. cxd4 h5 20. g5
Qxh3 21. gxf6+ Kf8 22. Bg3 Qg4 23. Qd1 Qg5 24. e5 h4 25. Qc1 Qxc1 26. Rxc1
hxg3 27. fxg3 Bxd4+ 28. Kg2 Be4+ 29. Rf3 Bxf3+ 30. Kxf3 dxe5 31. Ke4 Rh2
32. b4 Rxa2 33. Bxa2 Bf2 34. g4 Rd8 35. Kxe5 Bd4+ 36. Kf5 Rd7 37. g5 c6 38.
Rd1 Ke8 39. g6 fxg6+ 40. Kxg6 Bxf6 41. Rxd7 Kxd7 42. Kxf6 Kd6 43. Kf5 c5
44. b5 a6 45. bxa6 bxa6 46. Ke4 a5 47. Kd3 Kc6 48. Kc2 Kb5 49. Kc3 a4 50.
Bb3 axb3 51. Kxb3 c4+ 52. Kb2 Kb4 53. Kc1 Kc3 54. Kd1 Kb3 55. Kc1 Kb4 56.
Kb1 c3 57. Kc2 Kc4 58. Kc1 Kb3 59. Kd1 Kb2 60. Ke1 c2 61. Ke2 c1=Q 62. Kf3
Qc3+ 63. Kf2 Kc2 64. Ke2 Qg3 65. Kf1 Qf3+ 66. Ke1 Qe3+ 67. Kf1 Kd2 68. Kg2
Qe2+ 69. Kg3 Ke3 70. Kh4 Kf4 71. Kh3 Qg4+ 72. Kh2 Kf3 73. Kh1 Qg2# { White
checkmated } 0-1

[Event "ICC tourney 2556 (25 5)"]
[Site "Internet Chess Club"]
[Date "2021.05.09"]
[Round "7"]
[White "SHELLEY, AKSHAT:K05-16824163"]
[Black "VARADA JAKKAMREDDY, ARJUN:K05-17229191"]
[Result "0-1"]
[ICCResult "White checkmated"]
[WhiteElo "846"]
[BlackElo "415"]
[Opening "King's pawn game"]
[ECO "C50"]
[NIC "IG.03"]
[Time "15:30:28"]
[PlyCount "94"]
[TimeControl "1500+5"]

1. e4 e5 2. Nf3 Nc6 3. Bc4 d6 4. d3 Nf6 5. Ng5 Be6 6. Bxe6 fxe6 7. Nxe6 Qe7
8. Nxf8 Qxf8 9. Nc3 O-O-O 10. Bg5 h6 11. Bxf6 Qxf6 12. Qg4+ Kb8 13. Nd5 Qf7
14. O-O h5 15. Qg5 h4 16. h3 Rh5 17. Qd2 g5 18. b4 b5 19. a4 a6 20. axb5
axb5 21. c4 bxc4 22. b5 Nd4 23. Qa5 Kc8 24. Nb6+ cxb6 25. Qxb6 Qb7 26. Qa6
Qxa6 27. bxa6 Rhh8 28. a7 Kd7 29. a8=Q Rxa8 30. Rxa8 Rxa8 31. dxc4 Ne2+ 32.
Kh2 Ke6 33. g4 Ra4 34. Re1 Nf4 35. Rc1 Kd7 36. f3 Ra2+ 37. Kg1 Ne2+ 38. Kf1
Nxc1 39. Ke1 Nd3+ 40. Kd1 Kc6 41. c5 Nxc5 42. Kc1 d5 43. exd5+ Kxd5 44. Kb1
Rh2 45. Kc1 Kd4 46. Kd1 Ke3 47. Ke1 Rh1# { White checkmated } 0-1

[Event "ICC tourney 2556 (25 5)"]
[Site "Internet Chess Club"]
[Date "2021.05.09"]
[Round "7"]
[White "WONG, WYATT:K05-17016313"]
[Black "ARUTLA, ADITYA:K05-16207801"]
[Result "1-0"]
[ICCResult "Black checkmated"]
[WhiteElo "1439"]
[BlackElo "1676"]
[Opening "French: advance, Paulsen attack"]
[ECO "C02"]
[NIC "FR.03"]
[Time "15:30:27"]
[PlyCount "71"]
[TimeControl "1500+5"]

1. e4 e6 2. d4 d5 3. e5 c5 4. c3 Nc6 5. Nf3 Qb6 6. Be2 cxd4 7. cxd4 Bb4+ 8.
Nc3 Bd7 9. O-O Na5 10. Be3 Bxc3 11. bxc3 Bb5 12. Rb1 Bxe2 13. Qxe2 Qc6 14.
Nd2 Rc8 15. h3 Ne7 16. Rfc1 b6 17. Bg5 Ng6 18. h4 O-O 19. h5 Nh8 20. Qg4 g6
21. Bf6 h6 22. Nf3 Kh7 23. Qh3 g5 24. g4 Nc4 25. Kg2 Rg8 26. Rh1 Qc7 27.
Nxg5+ hxg5 28. Qd3+ Kh6 29. f4 Ne3+ 30. Qxe3 Qxc3 31. fxg5+ Kh7 32. g6+
fxg6 33. hxg6+ Kxg6 34. Qh6+ Kf7 35. Qh7+ Kf8 36. Qe7# { Black checkmated }
1-0

[Event "ICC tourney 2556 (25 5)"]
[Site "Internet Chess Club"]
[Date "2021.05.09"]
[Round "7"]
[White "RAJEEV, AMEYA:K05-16305755"]
[Black "LINGISHETTY, ISHAAN:K05-16449486"]
[Result "1-0"]
[ICCResult "Black checkmated"]
[WhiteElo "1393"]
[BlackElo "1019"]
[Opening "Sicilian defense"]
[ECO "B30"]
[NIC "SI.31"]
[Time "15:30:35"]
[PlyCount "113"]
[TimeControl "1500+5"]

1. e4 c5 2. Nf3 Nc6 3. Bc4 e6 4. Nc3 d6 5. O-O Nf6 6. d3 Be7 7. h3 h6 8.
Bd2 O-O 9. Re1 Re8 10. Qe2 d5 11. exd5 exd5 12. Bb5 a6 13. Bxc6 bxc6 14.
Qf1 Bf5 15. Rad1 d4 16. Ne4 Bxe4 17. dxe4 Nd7 18. Bf4 Bg5 19. Nxg5 hxg5 20.
Bg3 Nf6 21. e5 Nd5 22. Qc4 Qe7 23. Re2 Nb6 24. Qd3 Qe6 25. Rde1 Nd7 26. Qd2
Qf5 27. Re4 f6 28. e6 Nf8 29. Qe2 Re7 30. Bd6 Ree8 31. Qc4 Kh8 32. Bxc5
Rad8 33. Bxf8 Rd5 34. Ba3 Re5 35. Rxe5 fxe5 36. e7 Qf6 37. Qxa6 Qe6 38. Qd3
Kg8 39. Qxd4 exd4 40. Rxe6 Kf7 41. Rxc6 g6 42. Rc7 Ke6 43. Rc6+ Kf7 44. Rc4
Ke6 45. Rxd4 Kf7 46. Rd8 Rxe7 47. Bxe7 Kxe7 48. Rd1 Ke6 49. a4 Ke7 50. a5
Ke6 51. a6 Ke7 52. a7 Ke6 53. a8=Q Ke7 54. Qe4+ Kf7 55. Rd7+ Kf8 56. Qe7+
Kg8 57. Qg7# { Black checkmated } 1-0

[Event "ICC tourney 2556 (25 5)"]
[Site "Internet Chess Club"]
[Date "2021.05.09"]
[Round "7"]
[White "JIANG, LUCAS:K05-16314627"]
[Black "DUNIKOV, GLIB:K05-16572317"]
[Result "0-1"]
[ICCResult "White forfeits on time"]
[WhiteElo "1953"]
[BlackElo "1502"]
[Opening "QP counter-gambit (elephant gambit)"]
[ECO "C40"]
[NIC "KP.10"]
[Time "15:30:43"]
[PlyCount "42"]
[TimeControl "1500+5"]

1. e4 e5 2. Nf3 d5 3. exd5 e4 4. Qe2 Nf6 5. Nc3 Be7 6. Nxe4 O-O 7. d3 Re8
8. Bg5 Nxe4 9. Bxe7 Qxe7 10. dxe4 Qxe4 11. Qxe4 Rxe4+ 12. Kd2 Bg4 13. Bd3
Rf4 14. Rae1 Nd7 15. Re7 Rc8 16. Rhe1 g6 17. c4 Nc5 18. R1e3 Kf8 19. R7e5
f6 20. Re7 Bxf3 21. gxf3 Rxf3 { White forfeits on time } 0-1